 Dungeon Crawl Stone Soup version 0.28-a0-595-g9f6c0e134a (webtiles) character file.

Game seed: 15126106903390217134

52317 porpoise the Thaumaturge (level 14, 0/78 HPs)
             Began as a Deep Elf Conjurer on Oct 5, 2021.
             Was an Elder of Vehumet.
             Shot with an arrow by a centaur warrior (21 damage)
             ... on level 14 of the Dungeon.
             The game lasted 01:43:43 (28951 turns).

porpoise the Thaumaturge (Deep Elf Conjurer)       Turns: 28951, Time: 01:43:44

Health: 0/78       AC: 18    Str:  8    XL:     14   Next: 26%
Magic:  31/43      EV: 14    Int: 34    God:    Vehumet [****..]
Gold:   988        SH:  0    Dex: 17    Spells: 12/41 levels left

rFire   + . .      SeeInvis .   b - +0 hunting sling
rCold   + . .      Faith    .   (no shield)
rNeg    + . .      Spirit   .   W - +1 swamp dragon scales
rPois   +          Reflect  .   c - +2 hat {Int+3}
rElec   .          Harm     .   m - scarf {rC+ rF+}
rCorr   .          Rampage  .   (no gloves)
Will    +....                   j - +1 pair of boots
Stlth   ++........              n - amulet of regeneration
HPRegen 1.23/turn               o - ring of Esaschac {rN+ MP+9 Int+6 Dex+4 Stlth-}
MPRegen 0.28/turn               g - +4 ring of protection

@: about to teleport
A: no striking features
a: Renounce Religion


You were on level 14 of the Dungeon.
You worshipped Vehumet.
Vehumet was greatly pleased with you.
You visited 3 branches of the dungeon, and saw 20 of its levels.
You also visited: Sewer and Gauntlet.

You collected 1436 gold pieces.
You spent 448 gold pieces at shops.

Inventory:

Hand Weapons
 a - a +2 dagger of electrocution
 b - a +0 hunting sling (weapon)
Missiles
 e - 36 poisoned darts
 p - 112 sling bullets (quivered ammo)
 x - a boomerang
 J - 10 curare-tipped darts (quivered)
Armour
 c - a +2 hat of intelligence (worn)
 j - a +1 pair of boots (worn)
 m - a scarf of resistance (worn)
 W - +1 swamp dragon scales (worn)
Jewellery
 g - a +4 ring of protection (right hand)
 n - an amulet of regeneration (around neck)
 o - the ring of Esaschac (left hand) {rN+ MP+9 Int+6 Dex+4 Stlth-}
   (You acquired it on level 9 of the Dungeon)

   [ring of intelligence]

   Int:       It affects your intelligence (+6).
   Dex:       It affects your dexterity (+4).
   rN:        It protects you from negative energy.
   MP:        It affects your magic capacity (+9).
   Stlth:     It makes you less stealthy.
 G - a ring of see invisible
Wands
 y - a wand of polymorph (6)
 B - a wand of flame (31)
 E - a wand of iceblast (23)
 K - a wand of charming (7)
 Q - a wand of digging (5)
Scrolls
 d - a scroll of noise
 k - a scroll of identify
 l - a scroll of torment {unknown}
 q - a scroll of teleportation
 r - 2 scrolls of summoning {unknown}
 u - 4 scrolls of fog
 v - a scroll of blinking {unknown}
 C - a scroll of magic mapping
 F - a scroll of immolation
 P - a scroll of fear {unknown}
 S - a scroll of vulnerability {unknown}
Potions
 f - 4 potions of ambrosia
 h - a potion of mutation
 i - 7 potions of curing
 s - a potion of lignification
 t - 3 potions of flight
 w - a potion of might
 z - 3 potions of haste


   Skills:
 - Level 5.0 Fighting
 + Level 5.9 Armour
 - Level 9.0 Dodging
 - Level 7.0 Stealth
 - Level 14.0 Spellcasting
 - Level 9.0 Conjurations
 + Level 9.3 Hexes
 - Level 9.0 Necromancy
 - Level 9.0 Translocations
 - Level 9.0 Fire Magic
 - Level 9.0 Earth Magic
 - Level 5.0 Evocations


You had 12 spell levels left.
You knew the following spells:

 Your Spells              Type           Power      Damage    Failure   Level
a - Magic Dart            Conj           100%       1d8       1%          1
b - Searing Ray           Conj           100%       2d8       1%          2
c - Fulminant Prism       Conj/Hex       36%        3d18      1%          4
d - Iskenderun's Mystic   Conj/Tloc      71%        2d14      1%          4
e - Lee's Rapid Deconstr  Erth           35%        3d19*     1%          5
f - Fireball              Conj/Fire      35%        3d15      1%          5
s - Stone Arrow           Conj/Erth      100%       3d13      1%          3
v - Borgnjor's Vile Clut  Necr/Erth      35%        N/A       3%          5

Your spell library contained the following spells:

 Spells                   Type           Power      Damage    Failure   Level
 Animate Skeleton         Necr           100%       N/A       1%          1
 Apportation              Tloc           100%       N/A       1%          1
 Sandblast                Erth           100%       2d20      1%          1
 Ensorcelled Hibernation  Hex/Ice        100%       N/A       1%          2
 Passwall                 Tmut/Erth      44%        N/A       1%          2
 Conjure Flame            Conj/Fire      71%        6-21      1%          3
 Dazzling Flash           Conj/Hex       100%       N/A       1%          3
 Gell's Gravitas          Tloc           35%        N/A       1%          3
 Ignite Poison            Fire/Tmut/Pois 44%        N/A       1%          3
 Inner Flame              Hex/Fire       72%        N/A       1%          3
 Portal Projectile        Hex/Tloc       100%       N/A       1%          3
 Teleport Other           Tloc           71%        N/A       1%          3
 Cause Fear               Hex            36%        N/A       1%          4
 Leda's Liquefaction      Hex/Erth       36%        N/A       1%          4
 Sticky Flame             Conj/Fire      71%        2d8       1%          4
 Beastly Appendage        Tmut           46%        N/A       4%          1
 Summon Small Mammal      Summ           92%        N/A       4%          1
 Frozen Ramparts          Ice            46%        1d6       4%          3
 Wereblood                Tmut           23%        N/A       7%          2
 Petrify                  Tmut/Erth      53%        N/A       8%          4
 Call Canine Familiar     Summ           23%        N/A       14%         3
 Spider Form              Tmut/Pois      11%        N/A       14%         3
 Summon Mana Viper        Hex/Summ       53%        N/A       19%         5
 Dispersal                Tloc           35%        N/A       19%         6
 Ice Form                 Ice/Tmut       23%        N/A       43%         4
 Summon Ice Beast         Ice/Summ       23%        N/A       43%         4
 Statue Form              Tmut/Erth      35%        N/A       75%         6
 Blade Hands              Tmut           11%        N/A       78%         5
 Monstrous Menagerie      Summ           11%        N/A       100%        7
 Discord                  Hex            36%        N/A       100%        8
 Shatter                  Erth           35%        3d28*     100%        9


Dungeon Overview and Level Annotations

Branches:
Dungeon (13/15)            Temple (1/1) D:7            Lair (5/6) D:9
 Shoals (0/4) Lair:4        Snake (0/4) Lair:2          Orc (0/2) D:12
 Vaults (0/5) D:14          Sewer (visited)         Gauntlet (visited)
  Slime: Lair:5-6

Altars:
Dithmenos
Elyvilon
Hepliaklqana
Okawaru
Trog
Vehumet
Wu Jian
Yredelemnul
Jiyva

Shops:
D:4 *   D:11 *


Message History

The centaur wields a +0 shortbow.
The centaur shoots an arrow.
The arrow hits you!
The centaur wields a +0 shortbow.
The centaur shoots an arrow.
The arrow closely misses you.
You hear a shout!
Casting: Iskenderun's Mystic Blast (safe; 1% risk of failure)
Confirm with . or Enter, or press ? or * to list all spells.
Aiming: Fireball (dangerous; 1% risk of failure)
Press: ? - help, Shift-Dir - straight line The fireball explodes!
The fireball engulfs the centaur!!
The centaur is almost dead.
The fireball engulfs the centaur!!
The centaur is almost dead.
The centaur shouts!
You hear a howl!
You hear a shout!
A centaur comes into view.
The centaur shoots an arrow.
The arrow hits you.
A centaur warrior comes into view.
As you read the scroll of teleportation, it crumbles to dust.
You feel strangely unstable.
The centaur shoots an arrow.
The arrow hits you.
* * * LOW HITPOINT WARNING * * *
The centaur shoots an arrow.
The arrow hits you but does no damage.
The centaur shoots an arrow.
The arrow hits you.
* * * LOW HITPOINT WARNING * * *
Casting: Fireball (dangerous; 1% risk of failure)
Confirm with . or Enter, or press ? or * to list all spells.
Aiming: Fireball (dangerous; 1% risk of failure)
Press: ? - help, Shift-Dir - straight line The fireball explodes!
The fireball engulfs the centaur warrior!!
The centaur warrior is heavily wounded.
The fireball engulfs the centaur!!
You kill the centaur!
Vehumet accepts your kill.
You feel your power returning. Vehumet accepts your kill.
You feel your power returning.
You feel a bit more experienced.
You hear a howl!
You hear a shout! x2
The centaur shoots an arrow.
The arrow hits you but does no damage.
The centaur warrior wields a +0 shortbow.
The centaur warrior shoots an arrow.
The arrow hits you!!
You die...

### # .. .. ###
.. # ...##..#.
.# .........
.## ........#
c..##
........#......
.......@..#
.....##...cc.)#
... ##..)...# .
.?..... .......
....... ##...##
#...


You could see a centaur warrior and 2 centaurs.

Vanquished Creatures
  Gastronok (Lair:1)
  A quicksilver ooze (Lair:3)
  Nessos (D:13)
  The ghost of Ramman the Basher, a journeyman MiBe of Trog (Lair:3)
  A boulder beetle (D:12)
  5 hydras
  8 two-headed ogres
  5 centaur warriors
  A death knight (D:11)
  5 death yaks (Lair:5)
  A phantasmal warrior (D:11)
  An ugly thing (D:12)
  2 manticores (D:12)
  6 black mambas
  3 elephants (Lair:4)
  Maggie (D:9)
  12 cane toads
  A gargoyle (D:12)
  8 komodo dragons
  2 rime drakes
  An unseen horror (D:10)
  3 meliai (D:12)
  A queen bee (D:12)
  4 polar bears
  A wind drake (shapeshifter) (D:13)
  4 trolls
  2 slime creatures (Lair:3)
  A snapping turtle (Lair:4)
  12 blink frogs
  2 vampires
  Sigmund (D:4)
  A steam dragon (D:8)
  5 wyverns
  3 wraiths (D:11)
  28 yaks
  A hog (shapeshifter) (D:14)
  5 basilisks
  Menkaure (D:5)
  Edmund (D:4)
  6 nagas (Lair:2)
  14 water moccasins
  8 orc warriors
  A hornet zombie (D:6)
  3 black bears
  A sky beast (D:7)
  2 necrophages
  4 boggarts
  20 wolves
  An ogre (D:5)
  13 centaurs
  A wyvern zombie (D:8)
  8 kobold brigands
  14 bullfrogs
  A gnoll sergeant (D:9)
  3 scorpions
  2 water moccasin zombies (D:5)
  A wyvern skeleton (D:6)
  20 killer bees
  A wight (D:9)
  2 howler monkeys (D:9)
  An electric eel (Lair:4)
  2 centaur zombies (D:9)
  A bullfrog zombie (D:6)
  6 hounds
  5 jellies (Lair:3)
  3 centaur skeletons
  A gnoll shaman (D:7)
  7 orc priests
  A bullfrog skeleton (D:5)
  3 iguanas
  10 orc wizards
  A hound zombie (D:5)
  A howler monkey zombie (D:9)
  15 gnolls
  8 adders
  An ufetubus (D:7)
  3 worms
  A dart slug (D:4)
  19 orcs
  8 ball pythons
  4 endoplasms
  8 giant cockroaches
  2 goblins (D:2)
  3 hobgoblins
  4 jackals (D:3)
  5 quokkas
  8 bats
  2 frilled lizards
  39 kobolds
  3 rats
  2 butterflies (Lair:2)
446 creatures vanquished.

Vanquished Creatures (others)
  A bush (Lair:3)
  4 demonic plants (Gauntlet)
  81 fulminant prisms
  40 fungi
  80 plants
206 creatures vanquished.

Grand Total: 652 creatures vanquished

Notes
Turn   | Place    | Note
-------+----------+-------------------------------------------
     0 | D:1      | porpoise the Deep Elf Conjurer began the quest for the Orb.
     0 | D:1      | Reached XP level 1. HP: 10/10 MP: 6/6
   423 | D:1      | Reached XP level 2. HP: 15/15 MP: 4/8
   990 | D:1      | Found a faded altar of an unknown god.
  1252 | D:2      | Reached skill level 4 in Spellcasting
  1252 | D:2      | Reached skill level 5 in Conjurations
  1252 | D:2      | Reached XP level 3. HP: 19/19 MP: 5/10
  1303 | D:2      | Learned a level 2 spell: Searing Ray
  1661 | D:2      | Reached XP level 4. HP: 24/24 MP: 7/12
  2397 | D:3      | Reached skill level 5 in Spellcasting
  2485 | D:3      | Found a glowing drain.
  2501 | Sewer    | Entered a sewer
  2705 | Sewer    | Learned a level 4 spell: Fulminant Prism
  2710 | Sewer    | Learned a level 4 spell: Iskenderun's Mystic Blast
  2743 | Sewer    | Noticed a water moccasin
  2754 | Sewer    | Killed a water moccasin
  2755 | Sewer    | Reached skill level 6 in Spellcasting
  2755 | Sewer    | Reached XP level 5. HP: 18/28 MP: 2/15
  3441 | D:3      | Reached XP level 6. HP: 32/32 MP: 12/17
  3710 | D:4      | Noticed Sigmund
  3732 | D:4      | Killed Sigmund
  3733 | D:4      | Reached skill level 7 in Spellcasting
  4060 | D:4      | Reached skill level 5 in Hexes
  4060 | D:4      | Reached skill level 1 in Translocations
  4060 | D:4      | Reached XP level 7. HP: 27/36 MP: 10/19
  4245 | D:4      | Noticed Edmund
  4254 | D:4      | HP: 1/32 [Edmund (4)]
  4255 | D:4      | Killed Edmund
  4765 | D:4      | Found Juckask's Gadget Gallery.
  4796 | D:5      | Entered Level 5 of the Dungeon
  5345 | D:5      | Noticed Menkaure
  5351 | D:5      | Killed Menkaure
  5352 | D:5      | Reached XP level 8. HP: 13/41 MP: 12/20
  5616 | D:5      | Reached skill level 5 in Translocations
  7188 | D:6      | Reached skill level 8 in Spellcasting
  7376 | D:6      | Reached skill level 1 in Fighting
  7523 | D:6      | Noticed a troll
  7530 | D:6      | Killed a troll
  7531 | D:6      | Reached skill level 9 in Spellcasting
  7652 | D:6      | Reached XP level 9. HP: 50/50 MP: 19/24
  8640 | D:7      | Learned a level 3 spell: Stone Arrow
  8916 | D:7      | Reached skill level 5 in Dodging
  9296 | D:7      | Found a staircase to the Ecumenical Temple.
  9316 | Temple   | Entered the Ecumenical Temple
  9327 | Temple   | Became a worshipper of Vehumet
  9921 | D:8      | Reached skill level 1 in Earth Magic
 10760 | D:8      | Reached skill level 5 in Earth Magic
 10760 | D:8      | Reached XP level 10. HP: 56/56 MP: 10/25
 10894 | D:8      | Found a white marble altar of Elyvilon.
 10914 | D:8      | Reached * piety under Vehumet
 10914 | D:8      | Offered knowledge of Shock by Vehumet.
 11480 | D:8      | Reached skill level 10 in Spellcasting
 11838 | D:9      | Noticed Maggie
 12515 | D:9      | Reached skill level 5 in Fighting
 12515 | D:9      | Reached skill level 11 in Spellcasting
 12598 | D:9      | Found a staircase to the Lair.
 12614 | D:10     | Entered Level 10 of the Dungeon
 12682 | D:9      | Killed Maggie
 12683 | D:9      | Reached skill level 1 in Evocations
 13425 | D:9      | Reached ** piety under Vehumet
 13526 | D:9      | Offered knowledge of Static Discharge by Vehumet.
 13527 | D:9      | Reached skill level 12 in Spellcasting
 13758 | D:9      | Reached XP level 11. HP: 51/63 MP: 21/29
 13843 | D:9      | Identified a scroll of acquirement
 13843 | D:9      | Acquired Roosuocra's Guide on Mutagenic Stones
 13917 | D:9      | Noticed a two-headed ogre
 13921 | D:9      | Killed a two-headed ogre
 13922 | D:9      | Reached skill level 5 in Evocations
 14088 | D:9      | Acquired the ring of Esaschac {rN+ MP+9 Int+6 Dex+4 Stlth-}
 14101 | D:9      | Noticed a two-headed ogre
 14215 | D:8      | Killed a two-headed ogre
 14476 | D:9      | Noticed a two-headed ogre
 14490 | D:9      | Killed a two-headed ogre
 15163 | D:9      | Reached skill level 5 in Stealth
 15354 | D:9      | Learned a level 5 spell: Borgnjor's Vile Clutch
 15496 | D:10     | Offered knowledge of Scorch by Vehumet.
 15608 | D:10     | Noticed a two-headed ogre
 15615 | D:10     | Killed a two-headed ogre
 15618 | D:10     | Noticed a two-headed ogre
 15623 | D:10     | Killed a two-headed ogre
 16077 | D:10     | Noticed a two-headed ogre
 16084 | D:10     | Killed a two-headed ogre
 16326 | Lair:1   | Entered Level 1 of the Lair of Beasts
 16503 | Lair:1   | Reached *** piety under Vehumet
 16561 | Lair:1   | Noticed Gastronok
 16577 | Lair:1   | Reached skill level 13 in Spellcasting
 16588 | Lair:1   | Killed Gastronok
 16721 | Lair:1   | Found a gate leading to a gauntlet.
 16730 | Gauntlet | Entered a Gauntlet
 16730 | Gauntlet | Found a runed translucent gate.
 16730 | Gauntlet | Found a transporter.
 16730 | Gauntlet | Found a runed translucent gate.
 16730 | Gauntlet | Found a runed translucent gate.
 16730 | Gauntlet | Found a transporter.
 16733 | Gauntlet | Noticed a large abomination
 16769 | Gauntlet | Found a transporter.
 16773 | Gauntlet | Found a transporter.
 16781 | Gauntlet | Found a transporter.
 16781 | Gauntlet | Noticed a fire crab
 16785 | Gauntlet | Found a transporter.
 16793 | Gauntlet | Found a transporter.
 16794 | Gauntlet | Noticed a cacodemon
 16808 | Gauntlet | Noticed a green death
 16809 | Gauntlet | Found a transporter.
 16823 | Gauntlet | Found a transporter.
 16827 | Gauntlet | Found a transporter.
 16829 | Gauntlet | Noticed a sixfirhy
 16838 | Gauntlet | Found a transporter.
 16839 | Gauntlet | Found a transporter.
 16942 | Lair:1   | Reached skill level 14 in Spellcasting
 16942 | Lair:1   | Reached XP level 12. HP: 68/68 MP: 32/32
 17043 | Lair:1   | Reached skill level 1 in Necromancy
 17690 | Lair:1   | Noticed a seven-headed hydra
 17700 | Lair:1   | Killed a seven-headed hydra
 18283 | Lair:2   | Noticed a seven-headed hydra
 18290 | Lair:2   | Killed a seven-headed hydra
 18504 | Lair:2   | Reached skill level 5 in Necromancy
 18626 | Lair:2   | Found a staircase to the Snake Pit.
 18664 | Lair:2   | Identified the +2 scale mail of Lust {Str+5 SInv Stlth+}
 18806 | Lair:2   | Offered knowledge of Frozen Ramparts by Vehumet.
 18944 | Lair:2   | Found an ornate altar of the Wu Jian Council.
 20248 | Lair:3   | Reached **** piety under Vehumet
 20662 | Lair:3   | Found a runed translucent gate.
 20662 | Lair:3   | Found a runed translucent gate.
 20662 | Lair:3   | Found a runed translucent gate.
 20663 | Lair:3   | Noticed a quicksilver ooze
 20666 | Lair:3   | Noticed Ramman's ghost (journeyman MiBe)
 20668 | Lair:3   | Found a viscous altar of Jiyva.
 20672 | Lair:3   | Offered knowledge of Fireball by Vehumet.
 20676 | Lair:3   | Killed a quicksilver ooze
 20687 | Lair:3   | Killed Ramman's ghost
 20999 | Lair:4   | Reached XP level 13. HP: 72/72 MP: 33/33
 21147 | Lair:4   | Learned a level 5 spell: Fireball
 21666 | Lair:4   | Found a staircase to the Shoals.
 22885 | Lair:5   | Reached skill level 1 in Fire Magic
 23019 | Lair:5   | Reached skill level 1 in Armour
 23273 | Lair:5   | Reached ***** piety under Vehumet
 23532 | Lair:5   | Offered knowledge of Lee's Rapid Deconstruction by Vehumet.
 23580 | Lair:5   | Learned a level 5 spell: Lee's Rapid Deconstruction
 23632 | Lair:5   | Reached skill level 5 in Fire Magic
 25657 | D:11     | Found Xushuu's Neck Hole.
 25660 | D:11     | Bought a scarf of resistance for 448 gold pieces
 26189 | D:12     | Found a staircase to the Orcish Mines.
 26240 | D:12     | Reached skill level 5 in Armour
 26695 | D:12     | Reached XP level 14. HP: 78/78 MP: 34/34
 27259 | D:11     | HP: 2/78 [mirror damage (27)]
 28135 | D:13     | Noticed Nessos
 28144 | D:13     | Killed Nessos
 28943 | D:13     | You fall into a shaft and drop 1 floor!
 28943 | D:14     | Found a gate to the Vaults.
 28951 | D:14     | Shot with an arrow by a centaur warrior

Illustrated notes

Levels and vault maps discovered:
D:1:      nzn_arrival_depleted_hourglass, layout_basic,
          hellmonk_ecumenical_altar_leap_of_faith
D:2:      layout_basic, serial_corexii_hall, corexii_hall_statues_l,
          corexii_hall_statues_s, grunt_decor_arrowhead, hex_tiny
D:3:      layout_rooms, gup_sewer_entry_glass
D:4:      layout_rooms, minmay_misc_feat_chi, nicolae_shop_gadgets, uniq_edmund,
          uniq_sigmund
D:5:      layout_basic, dk_vineyard_3, minmay_tree_intersection, uniq_menkaure
D:6:      layout_loops_corners, corexii_leaking_fountain
D:7:      layout_loops_cross, minmay_temple_entry_gardened_gates
D:8:      layout_basic, lemuel_crystal_altar
D:9:      minmay_four_partial_circles, layout_loops_ring,
          minmay_lair_entry_grove, serial_park_tiny_2, uniq_maggie
D:10:     layout_long_grid
D:11:     layout_rooms, nicolae_shop_sticking_my_neck_out
D:12:     layout_small_grid, orc_0_dummy, minivault_7
D:13:     layout_irregular_city, uniq_nessos
D:14:     layout_cave_pools, lightli_vaults_fourway_checkpoint
Temple:   compressed_dpeg_circular_temple
Lair:1:   cheibrodos_lair_river_kwai, layout_misc_corridors,
          gauntlet_entry_generic, serial_forest, infiniplex_forest_straight_4,
          infiniplex_forest_end_3, infiniplex_forest_lined_corner,
          infiniplex_forest_lined_ring, infiniplex_forest_clump_diagonal,
          infiniplex_forest_lined_room_2, infiniplex_forest_straight_4,
          infiniplex_forest_straight_4, infiniplex_forest_lined_room_3,
          uniq_gastronok
Lair:2:   layout_chaotic_city, minmay_snake_entry_guardpost_medium, basic_altar,
          lemuel_old_faithful, grunt_megastairs_5, lemuel_fruit_fields
Lair:3:   layout_regular_city, gammafunk_ghost_ooze, grunt_megastairs_1
Lair:4:   layout_cave_pods, minmay_shoals_entry_hut
Lair:5:   layout_layer_cave, lemuel_fruit_tree

Skill      XL: |  1  2  3  4  5  6  7  8  9 10 11 12 13 14 |
---------------+-------------------------------------------+-----
Spellcasting   | 4 6 7 9 12 14 | 14.0
Conjurations   | 5 7 9 |  9.0
Hexes          | 2 3 5 7 9 |  9.3
Translocations | 1 4 5 7 9 |  9.0
Fighting       | 3 5 |  5.0
Dodging        | 3 7 8 9 |  9.0
Earth Magic    | 5 7 9 |  9.0
Evocations     | 4 5 |  5.0
Stealth        | 7 |  7.0
Necromancy     | 8 9 |  9.0
Fire Magic     | 7 9 |  9.0
Armour         | 5 |  5.9

Action                   |  1- 3 |  4- 6 |  7- 9 | 10-12 | 13-15 || total
-------------------------+-------+-------+-------+-------+-------++-------
Melee: Rapier            |       |       |     1 |     1 |       ||     2
       Dagger            |       |       |       |     2 |     2 ||     4
 Fire: Hunting sling     |       |       |       |       |    12 ||    12
Throw: Dart              |       |       |       |     1 |     9 ||    10
 Cast: Magic Dart        |    41 |    32 |     7 |     9 |       ||    89
       Searing Ray       |     4 |    19 |    85 |    34 |     8 ||   150
       Fulminant Prism   |       |     1 |     7 |    49 |    24 ||    81
       Iskenderun's Myst |       |       |    12 |    81 |    53 ||   146
       Stone Arrow       |       |       |     4 |   138 |   127 ||   269
       Fireball          |       |       |       |       |    19 ||    19
       Lee's Rapid Decon |       |       |       |       |     6 ||     6
       Borgnjor's Vile C |       |       |       |       |     1 ||     1
Evoke: Wand              |       |       |       |     5 |       ||     5
  Use: Scroll            |     1 |     5 |     6 |     9 |     4 ||    25
       Potion            |       |       |       |       |     9 ||     9
Armor: Robe              |       |     7 |    10 |    19 |       ||    36
       Swamp dragon scal |       |       |       |     6 |    39 ||    45
Dodge: Dodged            |     1 |    14 |    40 |    81 |    62 ||   198

Table legend: (Time is in decaauts)
 A = Elapsed time spent in this place.
 B = Non-inter-level travel time spent in this place.
 C = Inter-level travel time spent in this place.
 D = Time resting spent in this place.
 E = Time spent auto-exploring this place.
 F = Levels seen in this place.
 G = Mean time per level.
                   A        B        C        D        E       F      G
               +--------+--------+--------+--------+--------+-----+--------+
         Total |  28979 |  28247 |    732 |  14343 |   9907 |  22 | 1317.2 |
       Dungeon |  19739 |  19306 |    433 |  10465 |   6477 |  14 | 1409.9 |
        Temple |     20 |     11 |      9 |      0 |      2 |   1 |   20.0 |
          Lair |   8647 |   8358 |    289 |   3590 |   3304 |   5 | 1729.4 |
         Sewer |    411 |    411 |      0 |    288 |      0 |   1 |  411.0 |
      Gauntlet |    160 |    160 |      0 |      0 |    123 |   1 |  160.0 |
               +--------+--------+--------+--------+--------+-----+--------+

Top non-repeatable levels by time:
     D:8: 3150 daAuts
  Lair:4: 2381 daAuts
     D:5: 2264 daAuts
     D:9: 2258 daAuts
  Lair:5: 1800 daAuts
  Lair:1: 1635 daAuts
     D:7: 1618 daAuts
  Lair:3: 1509 daAuts
     D:6: 1374 daAuts
    D:12: 1369 daAuts
  Lair:2: 1320 daAuts
    D:11: 1283 daAuts
     D:1: 1217 daAuts
     D:2: 1170 daAuts
    D:10: 1168 daAuts
